 Dungeon Crawl Stone Soup version 0.22-a0-353-g2d6336e (webtiles) character file.

28 theanonym the Conjurer (level 3, -1/24 HPs)
             Began as a Mummy Conjurer on Apr 15, 2018.
             Slain by a quokka (2 damage)
             ... on level 1 of the Dungeon.
             The game lasted 00:02:15 (1172 turns).

theanonym the Conjurer (Mummy Conjurer)             Turns: 1172, Time: 00:02:16

Health: -1/24      AC:  2    Str: 11    XL:     3   Next: 0%
Magic:  2/7        EV: 12    Int: 15    God:
Gold:   45         SH:  0    Dex: 12    Spells: 7/8 levels left

rFire    x . .     SeeInvis .   g - +0 dagger
rCold    + . .     Gourm    .   (no shield)
rNeg     + + +     Faith    .   a - +0 robe
rPois    ∞         Spirit   .   (no helmet)
rElec    .         Reflect  .   (no cloak)
rCorr    .         Harm     .   (no gloves)
MR       .....                  (no boots)
Stlth    ++........             (no amulet)
HPRegen  0.08/turn              (no ring)
MPRegen  0.10/turn              (no ring)

@: no status effects
A: no food or potions, fire vulnerability, cold resistance 1, negative energy
resistance 3, torment resistance, unbreathing
a: no special abilities


Innate Abilities, Weirdness & Mutations

You do not eat or drink.
Your flesh is vulnerable to fire.
You are immune to poison.
Your flesh is cold resistant. (rC+)
You are immune to negative energy. (rN+++)
You are immune to unholy pain and torment.
You can survive without breathing.


   Skills:
 - Level 1.5 Dodging
 - Level 1.5 Stealth
 + Level 3.3 Spellcasting
 * Level 3.8 Conjurations


You had 7 spell levels left.
You knew the following spells:

 Your Spells              Type           Power        Failure   Level  Hunger
a - Magic Dart            Conj           ##..         4%          1    N/A

Skill      XL: |  1 |
---------------+----+-----
Spellcasting   | 3 |  3.3
Dodging        | |  1.5
Stealth        | |  1.5
Conjurations   | |  3.8

Action                   || total
-------------------------++-------
Melee: Dagger            ||     4
 Cast: Magic Dart        ||    31
  Use: Scroll            ||     1
 Stab: Sleeping          ||     1
Armor: Robe              ||     3
Dodge: Dodged            ||    12

Inventory:

Hand Weapons
 b - a +0 club
   (You took it off a hobgoblin on level 1 of the Dungeon)
 g - a +0 dagger (weapon)
   (You took it off a goblin on level 1 of the Dungeon)
Armour
 a - a +0 robe (worn)
Jewellery
 d - an uncursed ring of wizardry {unknown}
   (You found it on level 1 of the Dungeon)
Scrolls
 e - a scroll of identify {unknown}
 f - 3 scrolls of amnesia {unknown}


You were on level 1 of the Dungeon.
You were not hungry.

You visited 1 branch of the dungeon, and saw 2 of its levels.

You collected 45 gold pieces.

Dungeon Overview and Level Annotations

Branches:
Dungeon (2/15)

Altars:

# #......##...###########.# #
#......##...............#
#####......##.##.##########.#
'...'......##.##.# #.#.#
#####......##.##.########'#.# #
#......##.##.#..........# ##
###'#####.##.+..........#
.######.#####.####..........#
.+..............@rK.........#
[#######.#####.###..........# .#
#.# #.# #..........#
.#######.#####'############.#####
.................................
########.###.......##.##########.
#..##.......##.##########.
##.##.......##...(.......)
#..###'##################


You could see a quokka and a kobold.

Notes
Turn   | Place    | Note
-------+----------+-------------------------------------------
     0 | D:1      | theanonym the Mummy Conjurer began the quest for the Orb.
     0 | D:1      | Reached XP level 1. HP: 13/13 MP: 4/4
   218 | D:1      | Reached skill level 3 in Spellcasting
   411 | D:1      | Reached XP level 2. HP: 19/19 MP: 3/6
  1168 | D:1      | HP: 7/19 [adder (3)]
  1169 | D:1      | HP: 2/19 [quokka (5)]
  1170 | D:1      | Reached XP level 3. HP: 3/24 MP: 2/7
  1172 | D:1      | Slain by a quokka

Vanquished Creatures
  An adder (D:1)
  2 bats (D:1)
  5 goblins
  2 hobgoblins (D:1)
  2 jackals
  A kobold (D:1)
  3 frilled lizards
  A rat (D:1)
17 creatures vanquished.

Table legend:
 A = Turns spent in this place as a percentage of turns spent in the entire game.
 B = Non-inter-level travel turns spent in this place as a percentage of non-inter-level travel turns spent in the entire game.
 C = Inter-level travel turns spent in this place as a percentage of turns spent in this place.
 D = Turns resting spent in this place as a percentage of non-inter-level travel turns spent in this place.
 E = Turns spent auto-exploring this place as a percentage of non-inter-level travel turns spent in this place.
 F = Non-inter-level travel turns spent in this place divided by the number of levels of this place that you've seen.
                   A       B       C       D       E      F
               +-------+-------+-------+-------+-------+----------------------
         Total | 100.0 | 100.0 |   8.3 |  20.0 |  71.6 | 537.5
       Dungeon | 100.0 | 100.0 |   8.3 |  20.0 |  71.6 | 537.5
               +-------+-------+-------+-------+-------+----------------------
